 Dungeon Crawl Stone Soup version 0.27.1-33-g824d729ab1 (webtiles) character file.

Game seed: 15080953525327311577

176 unlimited1921 the Firebug (level 5, -2/41 HPs)
             Began as a Hill Orc Fire Elementalist on Dec 6, 2021.
             Slain by Duvessa (3 damage)
             ... on level 4 of the Dungeon.
             The game lasted 00:17:28 (5646 turns).

unlimited1921 the Firebug (HOFE)                    Turns: 5646, Time: 00:17:29

Health: -2/41      AC:  8    Str: 12    XL:     5   Next: 56%
Magic:  1/8        EV: 11    Int: 15    God:
Gold:   98         SH:  0    Dex: 11    Spells: 8/9 levels left

rFire    + . .     SeeInvis .   g - +0 hand axe (vorpal)
rCold    x . .     Faith    .   (no shield)
rNeg     . . .     Spirit   .   k - +0 leather armour
rPois    .         Reflect  .   f - +0 helmet
rElec    .         Harm     .   (no cloak)
rCorr    .         Rampage  .   (no gloves)
Will     .....                  (no boots)
Stlth    +.........             (no amulet)
HPRegen  0.13/turn              l - ring of fire
MPRegen  0.11/turn              y - +4 ring of protection

@: no status effects
A: no striking features
a: no special abilities


You were on level 4 of the Dungeon.
You visited 1 branch of the dungeon, and saw 4 of its levels.

You collected 98 gold pieces.

Inventory:

Hand Weapons
 d - a +0 spear
 g - a +0 vorpal hand axe (weapon)
 o - a +2 dagger of venom
 u - a +0 flail
 v - a +0 long sword
Missiles
 c - 41 poisoned darts (quivered)
 e - 17 bolts
 m - 61 arrows
 p - 69 stones
 t - a throwing net
Armour
 a - a +0 robe
 f - a +0 helmet (worn)
 k - a +0 leather armour (worn)
Jewellery
 l - a ring of fire (left hand)
 y - a +4 ring of protection (right hand)
Scrolls
 h - 2 scrolls of noise {unknown}
 i - a scroll of fog {unknown}
 j - a scroll of fear {unknown}
 n - a scroll of immolation {unknown}
 s - a scroll of torment {unknown}
 x - a scroll of enchant armour {unknown}
Potions
 b - a potion of degeneration {unknown}
 q - a potion of flight {unknown}
 r - a potion of might {unknown}
 w - 2 potions of invisibility {unknown}
 z - 2 potions of heal wounds {unknown}
 A - a potion of magic {unknown}


   Skills:
 * Level 1.8 Fighting
 + Level 1.5 Armour
 + Level 1.7 Dodging
 + Level 1.8 Stealth
 + Level 2.5 Spellcasting
 + Level 2.0 Conjurations
 + Level 4.6 Fire Magic


You had 8 spell levels left.
You knew the following spells:

 Your Spells              Type           Power      Damage    Failure   Level
a - Foxfire               Conj/Fire      68%        2x1d7     7%          1

Your spell library contained the following spells:

 Spells                   Type           Power      Damage    Failure   Level
 Conjure Flame            Conj/Fire      17%        6-21      21%         3
 Inner Flame              Hex/Fire       13%        N/A       30%         3
 Sticky Flame             Conj/Fire      17%        2d4       56%         4
 Fireball                 Conj/Fire      8%         3d6       88%         5


Dungeon Overview and Level Annotations

Branches:
Dungeon (4/15)
 Temple: D:4-7

Altars:
Elyvilon
Ru

Shops:
D:3 =

Annotations:
D:4 Dowan, Duvessa


Message History

Dowan blinks!
Unknown command.
Duvessa completely misses you.
An adder comes into view.
Duvessa hits you with a +0 short sword.
* * * LOW HITPOINT WARNING * * *
The adder moves out of view.
Dowan says, "Stay away from my face!"
Dowan points at Duvessa and mumbles some strange words.
Duvessa seems to speed up.
Dowan gestures at you while chanting. You resist with some effort.
Duvessa hits you but does no damage.
Dowan says, "Magic and the sword, together, will defeat you."
The adder hisses angrily.
The adder barely misses you. Dowan closely misses you.
Duvessa hits you with a +0 short sword.
* * * LOW HITPOINT WARNING * * *
The adder bites you but does no damage.
Found a sacrificial altar of Ru.
The adder barely misses you. Duvessa hits you but does no damage.
Dowan gestures wildly while chanting.
Dowan blinks!
The adder bites you but does no damage. Duvessa misses you.
Duvessa hits you with a +0 short sword.
* * * LOW HITPOINT WARNING * * *
Casting: Foxfire (safe; 7% risk of failure)
Confirm with . or Enter, or press ? or * to list all spells.
You feel a surge of power!
You conjure some foxfire!
The adder bites you but does no damage.
Duvessa says, "Where magic fails, the sword succeeds!"
Duvessa hits you but does no damage.
The foxfire hits Duvessa.
Duvessa is severely wounded.
The foxfire hits Duvessa.
Duvessa is almost dead.
Duvessa hits you with a +0 short sword.
* * * LOW HITPOINT WARNING * * *
Duvessa hits you with a +0 short sword.
* * * LOW HITPOINT WARNING * * *
Duvessa closely misses you. Duvessa hits you with a +0 short sword.
You die...

#.#..###.## #.#
##.#.#..# .. ..#
......#..#.# ###
.....#.##.#
....#.##.#
...#.##.#
..#.##.#
#.#....#
#########.#.##@#
#..........eSe.#
#..........#####
#........<.+
#..........#
#..........#
#######...#.#
##...#..
#..#....


You could see Duvessa (fast), Dowan and an adder.

Vanquished Creatures
  A bullfrog zombie (D:3)
  A jelly (D:4)
  Robin (D:2)
  4 gnolls (D:3)
  A worm (D:2)
  2 dart slugs
  2 ball pythons (D:1)
  4 endoplasms
  2 giant cockroaches (D:1)
  7 goblins (D:2)
  9 hobgoblins
  3 jackals (D:1)
  3 kobolds
  4 quokkas
  5 bats
  A frilled lizard (D:3)
  7 rats
57 creatures vanquished.

Vanquished Creatures (collateral kills)
  A foxfire (D:3)
1 creature vanquished.

Vanquished Creatures (others)
  208 foxfires
  4 plants (D:3)
212 creatures vanquished.

Grand Total: 270 creatures vanquished

Notes
Turn   | Place    | Note
-------+----------+-------------------------------------------
     0 | D:1      | unlimited1921 the Hill Orc Fire Elementalist began the
                  | quest for the Orb.
     0 | D:1      | Reached XP level 1. HP: 14/14 MP: 3/3
   481 | D:1      | Reached XP level 2. HP: 20/20 MP: 1/4
  1760 | D:1      | Reached XP level 3. HP: 26/26 MP: 2/5
  2021 | D:1      | Found a faded altar of an unknown god.
  2436 | D:2      | Reached skill level 4 in Fire Magic
  3248 | D:2      | Noticed Robin
  3276 | D:2      | Killed Robin
  3277 | D:2      | Reached XP level 4. HP: 15/34 MP: 1/7
  4658 | D:3      | Reached skill level 1 in Fighting
  4810 | D:3      | Found Omuwuxzeho's Jewellery Shoppe.
  4979 | D:3      | Reached skill level 1 in Armour
  4979 | D:3      | Reached XP level 5. HP: 32/40 MP: 2/8
  5055 | D:3      | Found a white marble altar of Elyvilon.
  5502 | D:4      | Noticed Dowan
  5586 | D:4      | Noticed Duvessa
  5637 | D:4      | Found a sacrificial altar of Ru.
  5640 | D:4      | HP: 2/41 [Duvessa (3)]
  5646 | D:4      | Slain by Duvessa

Illustrated notes

Levels and vault maps discovered:
D:1:      wander_arrival_estate, layout_rooms, basic_ecumenical_altar
D:2:      layout_basic, uniq_robin
D:3:      layout_basic, nicolae_elyvilon_temple_path, serial_shops, shop,
          roderic_roman_lattice
D:4:      layout_basic, nicolae_ru_awakened_eye, chequers_serial_rivers_large_b,
          hangedman_decor_push, chequers_serial_rivers_micro_d, uniq_edmund,
          uniq_duvessa

Skill      XL: |  1  2  3  4  5 |
---------------+----------------+-----
Spellcasting   | 2 |  2.5
Fire Magic     | 4 |  4.6
Fighting       | 1 |  1.8
Armour         | 1 |  1.5
Conjurations   | 2 |  2.0
Dodging        | |  1.7
Stealth        | |  1.8

Action                   |  1- 3 |  4- 6 || total
-------------------------+-------+-------++-------
Melee: Hand axe          |     7 |     8 ||    15
Throw: Dart              |     3 |       ||     3
 Cast: Foxfire           |    72 |    60 ||   132
  Use: Scroll            |     2 |       ||     2
Armor: Robe              |     3 |       ||     3
       Leather armour    |     2 |    11 ||    13
Dodge: Dodged            |    21 |    12 ||    33
